 Dungeon Crawl Stone Soup version 0.30.1-3-gfc49f6343a (webtiles) character file.

Game seed: 4827422228574771070

5056 McKennaii the Destroyer (level 10, -2/69 HPs)
             Began as a Demigod Conjurer on Aug 1, 2023.
             Slain by Pikel
             ... wielding a +1 whip of freezing
              (4 damage)
             ... on level 8 of the Dungeon.
             The game lasted 00:14:50 (10830 turns).

McKennaii the Destroyer (Demigod Conjurer)         Turns: 10830, Time: 00:14:51

Health: -2/69      AC:  6    Str:  8    XL:     10   Next: 10%
Magic:  1/26       EV: 12    Int: 32    God:
Gold:   700        SH:  0    Dex: 12    Spells: 14/26 levels left

rFire   + . .        c - staff of conjuration
rCold   . . .        (no shield)
rNeg    . . .        o - +1 robe {rF+}
rPois   .            (no helmet)
rElec   .            s - +0 cloak
rCorr   .            I - +0 pair of gloves {Stlth+}
SInv    .            p - +0 pair of boots
Will    +....        (no amulet)
Stlth   +++          (no ring)
HPRegen 0.31/turn    (no ring)
MPRegen 0.20/turn

%: no passive effects
@: about to teleport, very slightly contaminated, slowed, studying Dodging, very
slow
A: high MP 1, forlorn, divine attributes
a: no special abilities


You were on level 8 of the Dungeon.
You visited 1 branch of the dungeon, and saw 9 of its levels.
You also visited: Sewer and Ossuary.

You collected 796 gold pieces.
You spent 96 gold pieces at shops.

Inventory:

Armour
 o - a +1 robe of fire resistance (worn)
 p - a +0 pair of boots (worn)
 s - a +0 cloak (worn)
 I - a +0 pair of gloves of stealth (worn)
Magical Staves
 c - a staff of conjuration (weapon)
 g - a staff of cold
Jewellery
 m - a ring of fire
 J - a ring of flight
Wands
 d - a wand of iceblast (9)
 l - a wand of digging (5)
 B - a wand of flame (14)
 H - a wand of mindburst (23)
Scrolls
 a - 2 scrolls of magic mapping
 j - 3 scrolls of teleportation
 k - a scroll of brand weapon
 n - 6 scrolls of enchant weapon
 q - 2 scrolls of amnesia
 v - 4 scrolls of fog
 x - 2 scrolls of poison
 y - a scroll of summoning
 C - 3 scrolls of vulnerability {unknown}
 E - a scroll of immolation {unknown}
 G - a scroll of blinking {unknown}
Potions
 b - 3 potions of magic
 e - 4 potions of curing
 f - a potion of flight
 h - 2 potions of haste
 i - 2 potions of resistance
 r - 5 potions of brilliance
 t - a potion of invisibility {unknown}
 u - 2 potions of cancellation {unknown}
 w - 4 potions of mutation
 z - 3 potions of heal wounds {unknown}
 A - a potion of berserk rage {unknown}
 D - a potion of lignification {unknown}
 F - a potion of degeneration {unknown}


   Skills:
 - Level 1.7 Dodging
 - Level 1.7 Stealth
 + Level 8.6 Spellcasting
 + Level 9.9 Conjurations
 + Level 5.1 Fire Magic


You had 14 spell levels left.
You knew the following spells:

 Your Spells              Type           Power      Damage    Failure   Level
a - Magic Dart            Conj           100%       1d8       1%          1
b - Searing Ray           Conj           100%       2d8       1%          2
c - Iskenderun's Mystic   Conj/Tloc      62%        2d13      4%          4
d - Fireball              Conj/Fire      38%        3d16      4%          5

Your spell library contained the following spells:

 Spells                   Type           Power      Damage    Failure   Level
 Foxfire                  Conj/Fire      100%       2x1d9     1%          1
 Dazzling Flash           Conj/Hex       100%       N/A       1%          3
 Mephitic Cloud           Conj/Pois/Air  51%        N/A       2%          3
 Fulminant Prism          Conj/Hex       31%        3d15      4%          4
 Call Imp                 Summ           26%        N/A       5%          2
 Lesser Beckoning         Tloc           26%        N/A       5%          2
 Gell's Gravitas          Tloc           13%        N/A       11%         3
 Teleport Other           Tloc           13%        N/A       11%         3
 Starburst                Conj/Fire      38%        6d11      24%         6
 Plasma Beam              Fire/Air       15%        2x1d29    88%         6


Dungeon Overview and Level Annotations

Branches:
Dungeon (9/15)             Temple (0/1) D:6            Lair (0/5) D:8
  Sewer (visited)         Ossuary (visited)
    Orc: D:9-12

Shops:
D:1 *   D:4 !

Annotations:
D:8 Pikel


Innate Abilities, Weirdness & Mutations

You have an increased reservoir of magic. (+10% MP)
You shall have no god before yourself.
Your divine heritage dramatically boosts your attributes as you level up.


Message History

Pikel is heavily wounded.
Pikel is knocked back by the mystic blast.
Pikel collides with the skeletal warrior!
The skeletal warrior is lightly damaged.
Pikel is heavily wounded.
The mystic blast hits the lemure!
The lemure is heavily wounded.
The lemure is knocked back by the mystic blast.
The mystic blast hits the lemure!
The lemure is heavily wounded.
The lemure is knocked back by the mystic blast.
The lemure slams into the rock wall!
The lemure is severely wounded.
Unknown command.
Unknown command.
Unknown command.
As you read the scroll of teleportation, it crumbles to dust.
You feel strangely unstable.
Pikel hits you with a +1 whip of freezing!
* * * LOW HITPOINT WARNING * * *
Pikel freezes you.
* * * LOW HITPOINT WARNING * * *
The lemure hits you.
* * * LOW HITPOINT WARNING * * *
Pikel hits you but does no damage.
Unknown command.
Unknown command.
The skeletal warrior attacks as you move away!
The skeletal warrior barely misses you.
Pikel says, "Dispater doesn't talk much, but I know they dig me."
The lemure completely misses you.
Unknown command.
Unknown command.
The skeletal warrior hits you with a +0 long sword!
* * * LOW HITPOINT WARNING * * *
Unknown command.
Unknown command.
Pikel attacks as you move away!
Pikel hits you with a +1 whip of freezing.
You die...

........#..................#.#
.............................####
....#######......................
...##. .z##.....................
...# .# #V.#..................#..
...# #?#85#................###..
..## #!##'##........>.....####..
.## #.)8#..K....#.........#.. .#
#...†V.z@...##........... ##
#?##†##.5.5...............# # #
#8.#...................##
#..#.............####..#
..##......#.....## #### ###
##.....#....## #.........##
###...[...## ##.......###


You could see a skeletal warrior, Pikel, a vampire and 2 lemures.

Vanquished Creatures
  The ghost of Eitelfritz the Chiller, a novice DsIE of Dithmenos (D:7)
  An ugly thing (D:6)
  A kobold demonologist (D:6)
  A hornet (D:8)
  2 wyverns
  A water moccasin (D:7)
  2 sky beasts (D:8)
  An orc warrior (D:8)
  An ice beast (D:8)
  5 black bears
  An ogre (D:5)
  2 centaurs
  A phantom (D:4)
  2 kobold brigands
  3 bullfrogs
  2 gnoll sergeants
  4 scorpions
  4 howler monkeys
  5 jellies
  2 sleepcaps (D:5)
  2 orc priests
  2 hounds (D:4)
  Crazy Yiuf (D:2)
  Terence (D:2)
  Jessica (D:2)
  A gnoll bouda (D:2)
  Natasha (D:4)
  3 iguanas
  10 orc wizards
  8 mummies (Ossuary)
  20 gnolls
  15 adders
  6 river rats
  2 shadow imps (D:5)
  5 white imps
  A worm (D:5)
  2 dart slugs
  21 orcs
  3 bats
  10 endoplasms
  6 giant cockroaches
  4 goblins (D:2)
  5 hobgoblins
  3 jackals (D:3)
  4 quokkas
  21 ball pythons
  8 frilled lizards
  2 gnoll zombies (Ossuary)
  A hobgoblin zombie (Ossuary)
  6 kobolds
  2 kobold zombies (Ossuary)
  3 orc zombies (Ossuary)
  29 rats
251 creatures vanquished.

Notes
Turn   | Place    | Note
-------+----------+-------------------------------------------
     0 | D:1      | McKennaii the Demigod Conjurer began the quest for the Orb.
     0 | D:1      | Reached XP level 1. HP: 14/14 MP: 5/5
     9 | D:1      | Noticed a demonspawn zombie
    13 | D:1      | Noticed a demonspawn zombie
    15 | D:1      | Noticed a demonspawn zombie
   173 | D:1      | Found Roem's General Store.
   697 | D:1      | Reached XP level 2. HP: 20/20 MP: 5/7
   914 | D:2      | Learned a level 2 spell: Searing Ray
   927 | D:2      | Reached skill level 4 in Conjurations
  1066 | D:2      | Noticed Terence
  1080 | D:2      | Killed Terence
  1081 | D:2      | Reached XP level 3. HP: 18/26 MP: 1/9
  1196 | D:2      | Noticed Jessica
  1484 | D:2      | Reached XP level 4. HP: 33/33 MP: 5/11
  1889 | D:2      | Killed Jessica
  1933 | D:2      | Reached skill level 5 in Conjurations
  1933 | D:2      | Reached XP level 5. HP: 15/38 MP: 0/13
  2337 | D:2      | Learned a level 4 spell: Iskenderun's Mystic Blast
  2377 | D:2      | Found a runed translucent door.
  2378 | D:2      | Noticed Crazy Yiuf
  2590 | D:2      | Killed Crazy Yiuf
  3003 | D:3      | Reached XP level 6. HP: 45/45 MP: 7/15
  3151 | D:3      | Found a glowing drain.
  3255 | Sewer    | Entered a sewer
  3857 | Sewer    | Reached skill level 6 in Conjurations
  4052 | Sewer    | Reached skill level 5 in Spellcasting
  4052 | Sewer    | Reached XP level 7. HP: 6/50 MP: 1/17
  4980 | D:4      | Found Tuag's Distillery.
  4985 | D:4      | Bought a potion of mutation for 96 gold pieces
  5326 | D:4      | Reached skill level 7 in Conjurations
  5448 | D:4      | Noticed Natasha
  5452 | D:4      | Killed Natasha
  5772 | D:5      | Entered Level 5 of the Dungeon
  5891 | D:5      | Reached XP level 8. HP: 57/57 MP: 12/20
  6133 | D:5      | Found a sand-covered staircase.
  6136 | Ossuary  | Entered an ossuary
  6362 | Ossuary  | Reached skill level 8 in Conjurations
  7508 | D:6      | Identified 3 scrolls of acquirement
  7512 | D:6      | Acquired a staff of conjuration
  7515 | D:6      | Acquired a +0 pair of gloves of stealth
  7522 | D:6      | Acquired a book of Fire
  7530 | D:6      | Learned a level 5 spell: Fireball
  7717 | D:6      | Reached skill level 1 in Fire Magic
  7915 | D:6      | Found a staircase to the Ecumenical Temple.
  8003 | D:6      | Noticed a kobold demonologist
  8014 | D:6      | Killed a kobold demonologist
  8015 | D:6      | Reached XP level 9. HP: 55/62 MP: 5/24
  8482 | D:6      | Noticed a cyan ugly thing
  8501 | D:6      | Killed a cyan ugly thing
  8502 | D:6      | Reached skill level 9 in Conjurations
  8976 | D:7      | Found a runed translucent door.
  9404 | D:7      | Noticed Eitelfritz's ghost (novice DsIE)
  9750 | D:7      | Killed Eitelfritz's ghost
  9842 | D:8      | You fall into a shaft and drop 1 floor!
 10475 | D:8      | Found a staircase to the Lair.
 10664 | D:8      | Noticed Pikel
 10667 | D:8      | Reached skill level 5 in Fire Magic
 10667 | D:8      | Reached XP level 10. HP: 50/69 MP: 15/26
 10816 | D:8      | Noticed a skeletal warrior
 10829 | D:8      | HP: 2/69 [skeletal warrior/+0 long sword (12)]
 10830 | D:8      | Slain by Pikel

Illustrated notes

Levels and vault maps discovered:
D:1:      shiori_arrival_whats_in_store_for_you, layout_loops_cross,
          serial_shops, shop, chequers_ecumenical_altar_simple_redux
D:2:      layout_basic, uniq_crazy_yiuf_cottage, uniq_terence, uniq_jessica
D:3:      layout_basic, mainiacjoe_overflow_chevrons, portal_sewer_entry_b,
          minmay_misc_feat_five
D:4:      layout_loops_cross, serial_shops, kennysheep_little_box,
          minmay_misc_feat_pillars, minivault_27, uniq_natasha
D:5:      layout_basic, trog_ov_bears_minmay,
          lightli_ossuary_entry_decrepit_ruins, minmay_bent
D:6:      layout_rooms, minmay_temple_entry_grid, nrook_mini_vaults,
          minmay_manual_mess
D:7:      layout_cave_pools, hellmonk_ghost_happy_afterlife
D:8:      minmay_chambers_of_sixes, layout_cave_pools,
          grunt_lair_entry_orc_guard_hut, uniq_pikel
D:9:      layout_basic, general_overflow_altar

Skill      XL: |  1  2  3  4  5  6  7  8  9 |
---------------+----------------------------+-----
Spellcasting   | 2 3 4 5 6 7 8 |  8.6
Conjurations   | 4 5 6 7 8 9 |  9.9
Fire Magic     | 2 5 |  5.1
Dodging        | |  1.7
Stealth        | |  1.7

Action                     |  1- 3 |  4- 6 |  7- 9 | 10-12 || total
---------------------------+-------+-------+-------+-------++-------
  Melee: Short sword       |    13 |    43 |     2 |       ||    58
         Punch             |       |     2 |       |       ||     2
         Staff             |       |       |    27 |       ||    27
   Cast: Magic Dart        |    41 |   105 |   222 |     1 ||   369
         Searing Ray       |     4 |    37 |    63 |     4 ||   108
         Iskenderun's Myst |       |       |    19 |     3 ||    22
    Use: Potion            |       |     2 |       |       ||     2
         Scroll            |       |       |    17 |     1 ||    18
 Armour: Robe              |       |    35 |    34 |     2 ||    71
  Dodge: Dodged            |    13 |    99 |    65 |     9 ||   186
